 Dungeon Crawl Stone Soup version 0.31-a0-543-geaa9c7a2c0 (webtiles) character file.

Game seed: 11570704970796576591

584 Ethylacetat the Insei (level 7, -5/72 HPs)
             Began as an Octopode Gladiator on Aug 15, 2023.
             Was an Initiate of Gozag.
             Slain by an ogre
             ... wielding a +0 giant spiked club
              (20 damage)
             ... on level 4 of the Dungeon.
             The game lasted 00:06:25 (3323 turns).

Ethylacetat the Insei (Octopode Gladiator)          Turns: 3323, Time: 00:06:25

Health: -5/72      AC: 27    Str: 14    XL:     7   Next: 37%
Magic:  16/16      EV:  2    Int: 10    God:    Gozag
Gold:   178        SH:  0    Dex: 15    Spells: 6/6 levels left

rFire   . .          .
                       - Unarmed
rCold   . . .        (no shield)
rNeg    . . .        a - melded +0 hat
rPois   +            h - amulet of magic regeneration
rElec   .            g - +4 ring of protection
rCorr   .            j - ring of magical power
SInv    .            (no ring)
Will    .....        (no ring)
Stlth   +            (no ring)
HPRegen 0.32/turn    (no ring)
MPRegen 0.55/turn    (no ring)
                     (no ring)

%: no passive effects
@: brilliant, lethally poisoned (-5 -> -9), tree-form, gold aura
A: stationary, stasis, torment immunity, boosted hp, almost no armour,
(amphibious), 8 rings, (camouflage 1), (gelatinous body 1), (nimble swimmer 1),
(tentacles)
a: Renounce Religion, Potion Petition, Call Merchant, Bribe Branch


You were on level 4 of the Dungeon.
You worshipped Gozag.
Gozag was aware of your devotion.
You were a tree.
You visited 1 branch of the dungeon, and saw 4 of its levels.

You collected 229 gold pieces.
You paid 51 gold pieces to Gozag.

Inventory:

Missiles
 b - a throwing net
Armour
 a - a +0 hat (melded)
Jewellery
 g - a +4 ring of protection (left branch)
 h - an amulet of magic regeneration (around neck)
 j - a ring of magical power (right branch)
 w - a ring of willpower
Talismans
 i - a storm talisman
Scrolls
 d - a scroll of torment {unknown}
 e - 3 scrolls of fear {unknown}
 k - 2 scrolls of acquirement {unknown}
 n - a scroll of butterflies {unknown}
 p - 3 scrolls of amnesia {unknown}
 q - a scroll of teleportation {unknown}
 s - a scroll of identify {unknown}
 u - 2 scrolls of enchant weapon {unknown}
Potions
 m - 2 potions of enlightenment
 v - a potion of lignification


   Skills:
 + Level 4.1 Fighting
 - Level 2.7 Throwing
 - Level 3.6 Dodging
 + Level 4.8 Unarmed Combat
 * Level 3.5 Shapeshifting


You had 6 spell levels left.
You didn't know any spells.
Your spell library contained the following spells:

 Spells                   Type           Power      Damage    Failure   Level
 Kiss of Death            Conj/Necr      0%         2d5       36%         1
 Call Canine Familiar     Summ           0%         N/A       75%         3
 Confusing Touch          Hex            0%         N/A       75%         3
 Portal Projectile        Hex/Tloc       0%         N/A       75%         3
 Dispel Undead            Necr           0%         3d6       98%         4
 Leda's Liquefaction      Hex/Erth       0%         N/A       98%         4


Dungeon Overview and Level Annotations

Branches:
Dungeon (4/15)
 Temple: D:4-7

Altars:
Gozag
Kikubaaqudgha

Shops:
D:1 [


Innate Abilities, Weirdness & Mutations

You are a tree.
Your roots penetrate the ground, keeping you stationary.
You cannot be teleported.
You are immune to unholy pain and torment.
Your maximum health is greatly increased.
You cannot wear most types of armour.
((You are amphibious.))
You can wear up to eight rings at the same time.
((Your skin changes colour to match your surroundings (Stealth+).))
((Your rubbery body absorbs attacks. (AC +1, EV +1)))
((You are camouflaged when in or above water. (Stealth+)))
((You have tentacles for arms and can constrict up to eight enemies at once.))


Message History

You hit the gnoll bouda.
The gnoll bouda is almost dead.
You feel sick.
The gnoll bouda hits you but does no damage.
You are more poisoned.
You hit the gnoll bouda but do no damage.
The gnoll bouda is almost dead.
You feel sick.
The gnoll bouda hits you but does no damage.
You are more poisoned.
You hit the gnoll bouda.
You kill the gnoll bouda!
Your attacks no longer feel as feeble.
You feel very sick.
The goblin is no longer distracted by gold.
You smack the goblin!
You kill the goblin!
You feel very sick.
You smack the hobgoblin!
You kill the hobgoblin!
You feel very sick.
You barely miss the ogre. You punch the ogre.
The ogre is severely wounded.
You feel sick.
The ogre hits you with a +0 giant spiked club!!
* * * LOW HITPOINT WARNING * * *
You feel much better.
You feel sick.
It was a potion of magic.
Magic courses through your body.
You feel sick.
The ogre hits you with a +0 giant spiked club!!
* * * LOW HITPOINT WARNING * * *
Unknown command.
Okay, then.
You aren't carrying any items that you can evoke.
Okay, then.
You hit the ogre. You punch the ogre, but do no damage.
The ogre is severely wounded.
You feel sick.
The ogre hits you with a +0 giant spiked club!!
You die...
Your body crumbles into a pile of gold.

#.# ..##+##..#..#..#.'. #.#
....#....##)#..#.## #.#
#......)##).#..#_≈# #.#
+.......'.).#..#### #.#
##.......##..#...# #.#
##....#....##.#..##
#.###...........###.####
#.'...............+....#
#########.######♣....######.##.#
#.........#(.$WO#...#'....#.##.#
#.######..##(.SB##.##)...##..#.#
#.# #..##.... #.##....##....##
#.#### #..####..
#.#..[####...... ..[..#
#..########'########..####
#.##.# #....................## #
#.##.# #....###.......#####.# #
#.##.###.#### #.##....# #.# #


You could see an ogre, a phantom, a giant cockroach and a ball python.

Vanquished Creatures
  An ogre (D:4)
  A black bear (D:4)
  A scorpion (D:4)
  2 hounds
  A jelly (D:4)
  An orc priest (D:3)
  A gnoll bouda (D:4)
  Terence (D:3)
  2 orc wizards (D:3)
  5 adders
  A worm (D:3)
  A dart slug (D:1)
  5 orcs
  5 bats
  10 endoplasms
  6 giant cockroaches
  8 goblins
  8 hobgoblins
  6 jackals (D:2)
  7 kobolds
  2 quokkas (D:1)
  4 ball pythons
  3 frilled lizards
  4 rats
  A butterfly (D:1)
87 creatures vanquished.

Notes
Turn   | Place    | Note
-------+----------+-------------------------------------------
     0 | D:1      | Ethylacetat the Octopode Gladiator began the quest for the
                  | Orb.
     0 | D:1      | Reached XP level 1. HP: 14/14 MP: 1/1
    94 | D:1      | Reached XP level 2. HP: 19/19 MP: 2/2
   332 | D:1      | Reached XP level 3. HP: 14/25 MP: 3/3
   521 | D:1      | Found Lupaam's Antique Armour Boutique.
  1035 | D:2      | Reached XP level 4. HP: 17/30 MP: 4/4
  1341 | D:2      | Reached skill level 1 in Shapeshifting
  1341 | D:2      | Reached XP level 5. HP: 35/36 MP: 5/5
  2052 | D:3      | Reached XP level 6. HP: 42/42 MP: 6/6
  2131 | D:3      | Noticed Terence
  2137 | D:3      | Killed Terence
  2295 | D:4      | Noticed a black bear
  2302 | D:4      | Killed a black bear
  2508 | D:4      | Found an ancient bone altar of Kikubaaqudgha.
  2508 | D:4      | Found an opulent altar of Gozag.
  2566 | D:4      | Became a worshipper of Gozag Ym Sagoz the Greedy
  2606 | D:4      | Reached XP level 7. HP: 4/48 MP: 7/7
  3323 | D:4      | Slain by an ogre

Illustrated notes

Levels and vault maps discovered:
D:1:      spicycebolla_arrival_clurvy, layout_basic, serial_shops, shop
D:2:      layout_basic, serial_forest, infiniplex_forest_clump_small,
          infiniplex_forest_clump_C, infiniplex_forest_lined_2,
          infiniplex_forest_end_double, infiniplex_forest_lined_room_3,
          infiniplex_forest_end_3, minmay_tripent
D:3:      layout_basic, uniq_terence
D:4:      layout_loops_corners, gammafunk_temple_overflow_elements,
          nrook_loot_triangle, minmay_pentangle

Skill      XL: |  1  2  3  4  5  6 |
---------------+-------------------+-----
Shapeshifting  | 1 2 3 |  3.5
Fighting       | 3 4 |  4.1
Unarmed Combat | 4 |  4.8
Throwing       | |  2.7
Dodging        | |  3.6

Action                     |  1- 3 |  4- 6 |  7- 9 || total
---------------------------+-------+-------+-------++-------
  Melee: Unarmed           |    89 |    96 |    33 ||   218
         Constrict         |    22 |    23 |     5 ||    50
         Tentacles         |    14 |    27 |     5 ||    46
         Punch             |     2 |     5 |     3 ||    10
  Throw: Throwing net      |       |     2 |     1 ||     3
         Javelin           |       |       |     1 ||     1
Ability: Blinkbolt         |       |     1 |       ||     1
    Use: Potion            |       |       |     8 ||     8
   Stab: Sleeping          |     4 |    10 |     1 ||    15
         Held in net/web   |       |     1 |       ||     1
 Armour: Skin              |     8 |    20 |    11 ||    39
  Dodge: Dodged            |    53 |    43 |    12 ||   108
   Form: Storm             |       |     1 |       ||     1
                           |       |       |     1 ||     1

Table legend: (Time is in decaauts)
 A = Elapsed time spent in this place.
 B = Non-inter-level travel time spent in this place.
 C = Inter-level travel time spent in this place.
 D = Time resting spent in this place.
 E = Time spent auto-exploring this place.
 F = Levels seen in this place.
 G = Mean time per level.
                   A        B        C        D        E       F      G
               +--------+--------+--------+--------+--------+-----+--------+
         Total |   3306 |   3202 |    104 |      2 |   2643 |   4 |  826.5 |
       Dungeon |   3306 |   3202 |    104 |      2 |   2643 |   4 |  826.5 |
               +--------+--------+--------+--------+--------+-----+--------+

Top non-repeatable levels by time:
     D:4: 1093 daAuts
     D:1: 928 daAuts
     D:2: 848 daAuts
     D:3: 435 daAuts
